 Dungeon Crawl Stone Soup version 0.30.1-11-g7821555f0a (webtiles) character file.

Game seed: 10356098939495310285

474 Sniper the Shooter (level 7, -4/49 HPs)
             Began as a Djinni Hunter on Jan 11, 2024.
             Was an Initiate of Cheibriados.
             Slain by an iguana (7 damage)
             ... on level 5 of the Dungeon.
             The game lasted 00:08:22 (1323 turns).

Sniper the Shooter (Djinni Hunter)                  Turns: 1323, Time: 00:08:22

Health: -4/49      AC:  3    Str: 11    XL:     7   Next: 32%
Gold:   106        EV: 12    Int: 14    God:    Cheibriados [......] SH:  0 Dex: 17

rFire   + + .        k - +2 dagger (venom)
rCold   x . .        (no shield)
rNeg    . . .        c - +0 leather armour
rPois   ∞            (no helmet)
rElec   .            (no cloak)
rCorr   .            (no gloves)
SInv    .            (boots unavailable)
Will    .....        (no amulet)
Stlth   ++           (no ring)
HPRegen 0.28/turn    (no ring)
MPRegen 0.00/turn

%: infuse magic (-5 HP)
@: flying, very slow
A: sickness immunity, fire resistance 2, cold vulnerability 1, float, innate
caster, HP casting, extra vitality 1
a: Renounce Religion


You were on level 5 of the Dungeon.
You worshipped Cheibriados.
Cheibriados was noncommittal.
You visited 2 branches of the dungeon, and saw 5 of its levels.

You collected 106 gold pieces.

Inventory:

Hand Weapons
 f - the +6 arbalest "Damnation" {damnation}
   (You acquired it on level 4 of the Dungeon)
 k - a +2 dagger of venom (weapon)
Armour
 c - a +0 leather armour (worn)
Scrolls
 a - a scroll of vulnerability
 b - 3 scrolls of immolation
 h - a scroll of teleportation
 j - a scroll of silence {unknown}
Potions
 d - a potion of resistance
 e - a potion of berserk rage {unknown}
 i - a potion of degeneration {unknown}
 l - a potion of mutation {unknown}


   Skills:
 * Level 2.9 Fighting
 * Level 1.4 Short Blades
 * Level 5.1 Ranged Weapons
 * Level 2.2 Armour
 * Level 3.1 Dodging
 * Level 1.9 Stealth
 * Level 1.2 Spellcasting


You knew the following spells:

 Your Spells              Type           Power      Damage    Failure   Level
a - Kiss of Death         Conj/Necr      16%        2d6       21%         1
b - Passwall              Tmut/Erth      3%         N/A       30%         2
c - Call Canine Familiar  Summ           4%         N/A       52%         3
Your spell library was empty.

Dungeon Overview and Level Annotations

Branches:
Dungeon (5/15)             Temple (1/1) D:5

Altars:
Cheibriados
Dithmenos
Makhleb
Okawaru
Xom
Yredelemnul
Zin


Innate Abilities, Weirdness & Mutations

You are immune to sickness and miasma.
You are immune to poison.
Your flesh is very heat resistant. (rF++)
You are vulnerable to cold. (rC-)
You float through the air rather than walking.
You learn spells naturally, not from books.
Your magical power is your life essence.
You have superior vitality. (+4 MHP)


Message History

The damnation bolt explodes!
Found a stone staircase leading up.
Found a stone staircase leading down.
You reach down and open the door.
An iguana and an ogre come into view.
The iguana hisses angrily.
The ogre shouts!
Fire: f) +6 arbalest "Damnation" {damnation}
Press: ? - help, Q - select action, (/) - cycle Shift-Dir - straight line, f - iguana
Aim: an iguana (69% to hit)
You shoot a damnation bolt. The damnation bolt hits the iguana.
The iguana is lightly wounded.
The damnation bolt explodes!
The damnation engulfs the iguana!
The iguana is severely wounded.
Your +2 dagger of venom begins to drip with poison!
k - a +2 dagger of venom (weapon)
The iguana misses you.
You hit the iguana but do no damage.
The iguana is severely wounded.
The iguana bites you.
You hit the iguana but do no damage.
The iguana is poisoned.
The iguana is severely wounded.
The iguana misses you. The iguana completely misses you.
The iguana attacks as you move away! The iguana bites you!
The iguana attacks as you move away! The iguana bites you.
The iguana closely misses you.
Casting: Kiss of Death (safe; 21% risk of failure)
Confirm with . or Enter, or press ? or * to list all spells.
Okay, then.
Casting: Kiss of Death (safe; 21% risk of failure)
Confirm with . or Enter, or press ? or * to list all spells.
The spell is quite dangerous to miscast (52% risk of failure)!
Continue anyway?
The iguana completely misses you.
The ogre hits you with a +0 giant club!!
Ouch! That really hurt!
* * * LOW HITPOINT WARNING * * *
Okay, then.
Your hound bites the ogre. x2
The iguana attacks as you move away! The iguana bites you!
You die...

#+## ###...###
#.'.⌠...#
#.#......
#.###....>.
#.O.###.....
#.lh..##.⌠.#
#.@.###.....
#.###....<..
##.#........
#....⌠...#
#..#...###
#..##.##.#
#........#
#........# #
#........#####..#


You could see an ogre (ally target), an iguana (poisoned) and a friendly hound
(summoned).

Vanquished Creatures
  A sky beast (D:5)
  An ogre (D:4)
  A gnoll sergeant (D:5)
  2 hounds (D:4)
  A jelly (D:4)
  An iguana (D:5)
  4 gnolls (D:5)
  5 adders (D:4)
  An ufetubus (D:4)
  A worm (D:2)
  3 dart slugs
  2 orcs
  An endoplasm (D:4)
  3 giant cockroaches
  2 hobgoblins
  2 jackals (D:4)
  A bat (D:1)
  4 kobolds
36 creatures vanquished.

Notes
Turn   | Place    | Note
-------+----------+-------------------------------------------
     0 | D:1      | Sniper the Djinni Hunter began the quest for the Orb.
     0 | D:1      | Reached XP level 1. HP: 18/18 MP: 0/0
   254 | D:1      | Reached XP level 2. HP: 23/23 MP: 0/0
   288 | D:2      | Reached skill level 1 in Stealth
   341 | D:2      | You are sucked into a shaft and drop 2 floors!
   354 | D:4      | Identified a scroll of acquirement
   355 | D:4      | Acquired the +6 arbalest "Damnation" {damnation}
   355 | D:4      | Found the +6 arbalest "Damnation" {damnation}
   366 | D:4      | Reached XP level 3. HP: 28/28 MP: 0/0
   366 | D:4      | Learned a level 1 spell: Kiss of Death
   474 | D:4      | Reached skill level 4 in Ranged Weapons
   474 | D:4      | Reached XP level 4. HP: 29/29 MP: 0/0
   650 | D:4      | Reached XP level 5. HP: 38/38 MP: 0/0
   650 | D:4      | Learned a level 2 spell: Passwall
   701 | D:4      | Noticed an ogre
   704 | D:4      | Killed an ogre
   705 | D:4      | Reached skill level 1 in Short Blades
   705 | D:4      | Reached skill level 1 in Armour
   705 | D:4      | Reached XP level 6. HP: 45/45 MP: 0/0
   905 | D:4      | Reached skill level 1 in Spellcasting
  1025 | D:5      | Entered Level 5 of the Dungeon
  1040 | D:5      | Noticed a sky beast
  1043 | D:5      | Killed a sky beast
  1044 | D:5      | Reached XP level 7. HP: 49/49 MP: 0/0
  1044 | D:5      | Learned a level 3 spell: Call Canine Familiar
  1154 | D:5      | Reached skill level 5 in Ranged Weapons
  1167 | D:5      | Found a staircase to the Ecumenical Temple.
  1178 | Temple   | Entered the Ecumenical Temple
  1238 | Temple   | Became a worshipper of Cheibriados the Contemplative
  1321 | D:5      | HP: 2/49 [ogre/+0 giant club (30)]
  1323 | D:5      | Slain by an iguana

Illustrated notes

Levels and vault maps discovered:
D:1:      tekkud_arrival_beachfront_property, layout_loops_ring,
          minmay_misc_feat_rugged, minmay_pentomino_w4
D:2:      layout_basic
D:4:      layout_basic
D:5:      layout_basic, minmay_temple_entry_tees, st_stairs_7, minivault_24,
          grunt_ministairs_13, uniq_eustachio
Temple:   regret_index_temple_sigil_plot

Skill      XL: |  1  2  3  4  5  6  7 |
---------------+----------------------+-----
Stealth        | 1 |  1.9
Ranged Weapons | 4 5 |  5.1
Short Blades   | 1 |  1.4
Armour         | 1 2 |  2.2
Spellcasting   | 1 |  1.2
Dodging        | 3 |  3.1
Fighting       | |  2.9

Action                     |  1- 3 |  4- 6 |  7- 9 || total
---------------------------+-------+-------+-------++-------
  Melee: Dagger            |       |    28 |     3 ||    31
         Short sword       |       |     6 |       ||     6
   Fire: Shortbow          |    26 |       |       ||    26
         Arbalest          |     7 |    23 |     8 ||    38
   Cast: Kiss of Death     |     1 |       |       ||     1
         Call Canine Famil |       |       |     1 ||     1
    Use: Scroll            |     4 |     2 |       ||     6
 Armour: Leather armour    |     7 |     5 |       ||    12
  Dodge: Dodged            |     6 |    20 |     6 ||    32
